 Dungeon Crawl Stone Soup version 0.27-a0-1595-g0b823d0a13 (webtiles) character file.

Game seed: 4453770034526019435

619 miberto the Chopper (level 7, -1/61 HPs)
             Began as a Minotaur Berserker on July 20, 2021.
             Was a Believer of Trog.
             Succumbed to a water moccasin's poison
             ... on level 5 of the Dungeon.
             The game lasted 00:06:10 (7535 turns).

miberto the Chopper (Minotaur Berserker)            Turns: 7535, Time: 00:06:11

Health: -1/61      AC:  9    Str: 23    XL:     7   Next: 21%
Magic:  6/6        EV:  9    Int:  4    God:    Trog [**....]
Gold:   126        SH:  0    Dex: 10    Spells: 6/6 levels left

rFire    . . .     SeeInvis .   o - +0 war axe
rCold    . . .     Faith    .   (no shield)
rNeg     . . .     Spirit   .   c - +0 chain mail
rPois    .         Reflect  .   (helmet restricted)
rElec    .         Harm     .   (no cloak)
rCorr    .         Rampage  .   (no gloves)
Will     .....                  (no boots)
Stlth    ..........             (no amulet)
HPRegen  0.20/turn              (no ring)
MPRegen  0.10/turn              (no ring)

@: lethally poisoned (-1 -> -15), on berserk cooldown, slowed, very slow
A: horns 2, retaliatory headbutt
a: Renounce Religion, Berserk, Trog's Hand


You were on level 5 of the Dungeon.
You worshipped Trog.
Trog was pleased with you.
You visited 1 branch of the dungeon, and saw 5 of its levels.

You collected 126 gold pieces.

Inventory:

Hand Weapons
 a - a +0 hand axe
 o - a +0 war axe (weapon)
Armour
 b - a +0 animal skin
 c - a +0 chain mail (worn)
Wands
 l - a wand of acid (7)
Scrolls
 d - 3 scrolls of enchant armour {unknown}
 f - a scroll of enchant weapon {unknown}
 g - a scroll of fear {unknown}
 h - a scroll of teleportation {unknown}
 i - a scroll of holy word {unknown}
 j - 2 scrolls of identify {unknown}
 m - a scroll of torment {unknown}
Potions
 e - 3 potions of curing {unknown}
 k - a potion of flight {unknown}
 n - a potion of cancellation {unknown}
 p - 2 potions of attraction {unknown}
 q - a potion of might {unknown}


   Skills:
 + Level 5.5 Fighting
 * Level 6.9 Axes
 + Level 4.8 Armour
 + Level 4.3 Dodging


You had 6 spell levels left.
You didn't know any spells.
Your spell library was empty.

Dungeon Overview and Level Annotations

Branches:
Dungeon (5/15)             Temple (0/1) D:4

Altars:
Gozag
Trog
Uskayaw
Yredelemnul


Innate Abilities, Weirdness & Mutations

You have a pair of horns on your head.
You reflexively headbutt those who attack you in melee.


Message History

The water moccasin is almost dead.
You feel sick.
The water moccasin bites you but does no damage.
You miss the water moccasin.
Your headbutt misses the water moccasin.
The water moccasin is almost dead.
You feel sick.
The water moccasin bites you but does no damage.
You barely miss the water moccasin.
Your headbutt misses the water moccasin.
The water moccasin is almost dead.
You feel sick.
The water moccasin bites you but does no damage.
You miss the water moccasin.
The water moccasin is almost dead.
You feel sick. The water moccasin bites you.
* * * LOW HITPOINT WARNING * * *
You are lethally poisoned!
The water moccasin poisons you!
You closely miss the water moccasin.
The water moccasin is almost dead.
* * * LOW HITPOINT WARNING * * *
You feel very sick.
The water moccasin bites you but does no damage.
You slash the water moccasin!
You kill the water moccasin!
Trog accepts your kill.
* * * LOW HITPOINT WARNING * * *
You feel very sick.
You are too berserk!
Unknown command.
You are too berserk!
* * * LOW HITPOINT WARNING * * *
You feel sick.
You are too berserk!
You feel a strong urge to attack something.
You are no longer berserk.
You are exhausted.
You feel yourself slow down.
You die...

.# .# ### ## .# ..# #. .# ## #.#
#. .# .. #.##### ###. .#>#
......# #..## ##.$.# #..##.#
#...###@.# #..##.####..#.#.#.#
#...# ...##...†...##.##.# #...#
.#.########.#..# .# #...# ...#
#.#.## ?# #...# .### #.... .#
#...# ...##### ###.# ## #...#
.#.....# #.#########...#######
.#.....######.##.................


There were no monsters in sight!

Vanquished Creatures
  A water moccasin (D:5)
  An ice beast (D:5)
  2 scorpions
  A howler monkey (D:5)
  A hound (D:5)
  A centaur skeleton (D:5)
  2 iguanas (D:5)
  Ijyb (D:3)
  A hound skeleton (D:4)
  4 adders
  An ufetubus (D:5)
  A worm (D:2)
  3 dart slugs
  An orc (D:3)
  6 endoplasms
  2 giant cockroaches
  6 goblins
  5 hobgoblins
  11 jackals
  5 kobolds
  5 quokkas
  8 ball pythons
  3 bats
  6 frilled lizards
  4 rats
82 creatures vanquished.

Notes
Turn   | Place    | Note
-------+----------+-------------------------------------------
     0 | D:1      | miberto the Minotaur Berserker began the quest for the Orb.
     0 | D:1      | Reached XP level 1. HP: 19/19 MP: 0/0
   248 | D:1      | Reached XP level 2. HP: 22/27 MP: 1/1
   409 | D:1      | Reached skill level 4 in Axes
  1186 | D:1      | Reached XP level 3. HP: 33/33 MP: 2/2
  1295 | D:1      | Reached ** piety under Trog
  1585 | D:1      | Found a faded altar of an unknown god.
  3918 | D:3      | Reached XP level 4. HP: 38/40 MP: 3/3
  4278 | D:3      | You fall into a shaft and drop 1 floor!
  4462 | D:4      | Noticed a scorpion
  4468 | D:4      | Killed a scorpion
  4469 | D:4      | Reached skill level 5 in Axes
  4469 | D:4      | Reached XP level 5. HP: 38/47 MP: 4/4
  4544 | D:3      | Found a hide-covered altar of Uskayaw.
  4545 | D:3      | Found an opulent altar of Gozag.
  4545 | D:3      | Found a basalt altar of Yredelemnul.
  4555 | D:3      | Found a bloodstained altar of Trog.
  5053 | D:3      | Noticed Ijyb
  5058 | D:3      | Killed Ijyb
  6291 | D:4      | Found a staircase to the Ecumenical Temple.
  6894 | D:5      | Entered Level 5 of the Dungeon
  7125 | D:5      | Reached XP level 6. HP: 44/55 MP: 5/5
  7153 | D:5      | Noticed an ice beast
  7165 | D:5      | Killed an ice beast
  7166 | D:5      | Reached skill level 5 in Fighting
  7166 | D:5      | Reached skill level 6 in Axes
  7500 | D:5      | Reached XP level 7. HP: 59/61 MP: 6/6
  7533 | D:5      | HP: 3/91 [poisoned by a water moccasin]
  7534 | D:5      | HP: 1/91 [poisoned by a water moccasin]
  7535 | D:5      | Succumbed to a water moccasin's poison

Illustrated notes

Levels and vault maps discovered:
D:1:      psy_arrival_dodecagon, layout_basic, basic_ecumenical_altar
D:2:      layout_loops_ring
D:3:      layout_loops_ring, chequers_temple_overflow_statue_of_worship,
          uniq_ijyb
D:4:      wander_river, layout_loops_ring, minmay_temple_entry_fiery
D:5:      layout_loops_cross, uniq_blork_the_orc

Skill      XL: |  1  2  3  4  5  6 |
---------------+-------------------+-----
Axes           | 4 5 6 |  6.9
Fighting       | 4 5 |  5.5
Armour         | 3 4 |  4.8
Dodging        | 3 4 |  4.3

Action                   |  1- 3 |  4- 6 |  7- 9 || total
-------------------------+-------+-------+-------++-------
Melee: Hand axe          |   122 |    39 |       ||   161
       Headbutt          |    12 |    18 |     1 ||    31
       War axe           |       |    37 |    15 ||    52
Invok: Berserk           |       |     1 |     1 ||     2
Armor: Animal skin       |     7 |       |       ||     7
       Chain mail        |    64 |    27 |     6 ||    97
Dodge: Dodged            |    59 |    33 |     6 ||    98

Table legend: (Time is in decaauts)
 A = Elapsed time spent in this place.
 B = Non-inter-level travel time spent in this place.
 C = Inter-level travel time spent in this place.
 D = Time resting spent in this place.
 E = Time spent auto-exploring this place.
 F = Levels seen in this place.
 G = Mean time per level.
                   A        B        C        D        E       F      G
               +--------+--------+--------+--------+--------+-----+--------+
         Total |   7597 |   7468 |    129 |   4842 |   2033 |   5 | 1519.4 |
       Dungeon |   7597 |   7468 |    129 |   4842 |   2033 |   5 | 1519.4 |
               +--------+--------+--------+--------+--------+-----+--------+

Top non-repeatable levels by time:
     D:1: 2125 daAuts
     D:3: 1696 daAuts
     D:2: 1683 daAuts
     D:4: 1446 daAuts
     D:5: 646 daAuts
